Map: Ruins of Seras

Players

Naattt - Winner!

  • Race: Protoss Protoss
  • League: Grandmaster

NattBurnSalt

  • Race: Terran Terran
  • League: Grandmaster

VOD

Have the link to the VOD?

Description

Time

  • Played on: June 14, 2015, 9:36 p.m.
  • Length: 7:43
Show
View Real Time Build Order
Export as new Build Order

Naattt Protoss - Winner!

Build Orders:  

Get SALT Encoding   

  12  0:09  Pylon  
  12  0:16  Assimilator  
  12  0:29  Gateway  
  12  0:33  Probe (Chrono Boost)  
  14  0:43  Probe (Chrono Boost)  
  14  0:50  Probe  
  15  0:58  Pylon  
  15  1:02  Probe (Chrono Boost)  
  16  1:13  Probe (Chrono Boost)  
  16  1:16  Cybernetics Core  
  17  1:20  Probe  
  18  1:34  Probe  
  19  1:46  Probe  
  20  1:52  Robotics Facility  
  20  1:54  Warp Gate (Chrono Boost)  
  20  1:55  Adept  
  22  2:22  Gateway, Adept  
  24  2:24  Gateway  
  24  2:31  Gateway  
  23  2:44  Warp Prism (Chrono Boost)  
  25  2:52  Mothership Core  
  27  2:59  Pylon  
  27  3:42  Adept  
  27  3:43  Adept x3  
  27  4:08  Immortal (Chrono Boost)  
  31  4:13  Adept x2, Assimilator  
  35  4:17  Pylon  
  35  4:44  Immortal (Chrono Boost)  
  39  4:56  Zealot x3  
  45  5:02  Pylon  
  43  5:31  Stalker x4  
  51  5:58  Stalker  
  51  6:02  Pylon  
  53  6:24  Pylon  
  53  6:27  Observer  
  54  6:42  Pylon  
  54  7:02  Stalker x2  
  54  7:03  Stalker x2  
  59  7:26  Stalker x3  
Show
View Real Time Build Order
Export as new Build Order

NattBurnSalt Terran 

Build Orders:  

Get SALT Encoding   

  12  0:01  SCV  
  13  0:15  SCV, Refinery  
  14  0:28  Supply Depot  
  14  0:30  SCV  
  15  0:49  SCV  
  16  0:51  Barracks  
  16  1:01  SCV  
  17  1:14  SCV  
  18  1:26  SCV  
  19  1:39  Factory, Reaper  
  20  1:43  Orbital Command  
  20  1:44  Supply Depot  
  20  1:54  Barracks  
  20  2:09  SCV  
  20  2:11  Reaper  
  22  2:21  SCV  
  23  2:23  Hellion  
  23  2:29  Supply Depot  
  25  2:33  SCV  
  26  2:41  Barracks Reactor  
  26  2:45  SCV, Hellion  
  26  2:47  Reaper  
  30  2:54  Supply Depot  
  30  2:57  SCV  
  31  3:06  Hellion  
  33  3:17  Command Center  
  33  3:18  Supply Depot  
  33  3:22  Reaper  
  34  3:30  Reaper  
  34  3:39  Hellion x2  
  33  4:01  Hellion x2, Reaper  
  33  4:02  Reaper  
  37  4:07  SCV  
  38  4:19  SCV  
  38  4:22  Hellion x2  
  43  4:31  SCV  
  43  4:32  Refinery  
  41  4:39  Starport  
  41  4:45  Engineering Bay  
  41  4:53  Orbital Command  
  41  4:55  Hellion x2  
  46  5:00  SCV, Barracks Tech Lab  
  44  5:18  Viking  
  42  5:33  Hellion x2  
  45  5:38  SCV x2  
  45  5:42  Marauder  
  46  5:51  Barracks Reactor  
  43  6:19  SCV  
  43  6:22  Viking  
  43  6:23  Hellion x2  
  43  6:24  Orbital Command  
  50  6:31  Marine x2  
  50  6:32  Barracks  
  52  6:39  Supply Depot  
  52  6:40  Supply Depot  
  51  7:00  Hellion x2  
  51  7:01  Viking  
  57  7:07  SCV x2  
  59  7:11  Supply Depot  
  54  7:19  SCV  
Tags
 
Add a new tag
Caveats
  • Supply blocks, unpowered buildings, or Contaminate may cause inaccurate times.
  • Supply counts are checked every 10 seconds.